Construct Section Command Post
Construct Platoon Command Post
Unlock Bishop Self-propelled Artillery
Selects Canadian Shock Battlegroup
Selects Canadian Shock Section
Selects Incendiary Munitions
6-pounder Anti-tank Gun Team
Bishop Self-propelled Artillery
Bishop Self-propelled Artillery
Unlock M3 Stuart Light Tanks
Construct Field Infirmary
Selects Churchill Crocodile Heavy Tank
Construct Company Command Post
Unlock Towed 17-pounder Anti-tank Guns
Churchill Crocodile Heavy Tank